 Dungeon Crawl Stone Soup version 0.28.0-53-g5a82cb258f (webtiles) character file.

Game seed: 16913200240293908132

49144 Zeld the Zephyrmancer (level 14, -1/115 HPs)
             Began as a Green Draconian Conjurer on June 9, 2022.
             Was an Initiate of Gozag.
             Slain by a seven-headed hydra (2 damage)
             ... while petrified by a basilisk
             ... on level 6 of the Lair of Beasts.
             The game lasted 00:39:12 (40844 turns).

Zeld the Zephyrmancer (Green Draconian Conjurer)   Turns: 40844, Time: 00:39:14

Health: -1/115     AC: 15    Str: 11    XL:     14   Next: 14%
Magic:  9/28       EV:  2    Int: 25    God:    Gozag
Gold:   933        SH:  0    Dex:  9    Spells: 10/33 levels left

rFire   . . .      SeeInvis +   a - +5 trident of Ashenzari's Regard {vorpal, Int+2}
rCold   . . .      Faith    .   (no shield)
rNeg    + + +      Spirit   .   (armour unavailable)
rPois   ∞          Reflect  +   l - +1 hat
rElec   .          Harm     .   u - +0 cloak
rCorr   .          Rampage  .   e - +1 pair of gloves
Will    +....                   t - +2 pair of boots {Fly}
Stlth   ++........              G - amulet of reflection
HPRegen 0.29/turn               B - ring of see invisible
MPRegen 0.21/turn               (no ring)

@: petrified, gold aura, flying
A: breathe noxious fumes, AC +8, unfitting armour, stinger 1, poison resistance,
cold-blooded
a: Breathe Noxious Fumes, Renounce Religion, Potion Petition, Call Merchant,
Bribe Branch


You were on level 6 of the Lair of Beasts.
You worshipped Gozag.
Gozag was pleased with you.
You visited 4 branches of the dungeon, and saw 21 of its levels.
You also visited: Bailey.

You collected 4269 gold pieces.
You spent 2115 gold pieces at shops.
You paid 1221 gold pieces to Gozag.

Inventory:

Hand Weapons
 a - the +5 trident of Ashenzari's Regard (weapon) {vorpal, Int+2}
   (You bought it in a shop on level 11 of the Dungeon)

   It inflicts extra damage upon your enemies.
   Int:       It affects your intelligence (+2).
Armour
 e - a +1 pair of gloves (worn)
 l - a +1 hat (worn)
 t - a +2 pair of boots of flying (worn)
 u - a +0 cloak (worn)
Jewellery
 f - a ring of flight
 B - a ring of see invisible (left hand)
 G - an amulet of reflection (around neck)
Wands
 c - a wand of charming (7)
 v - a wand of flame (32)
 z - a wand of digging (3)
 C - a wand of polymorph (5)
 J - a wand of paralysis (11)
 K - a wand of iceblast (12)
Scrolls
 h - 2 scrolls of amnesia
 j - 2 scrolls of silence
 n - 7 scrolls of enchant weapon
 p - 5 scrolls of magic mapping
 w - 3 scrolls of fog
 y - 2 scrolls of brand weapon
 A - 2 scrolls of fear
 E - 3 scrolls of enchant armour
 H - 3 scrolls of teleportation
 I - 3 scrolls of holy word
 M - a scroll of summoning
 O - a scroll of blinking
Potions
 b - 7 potions of flight
 d - 2 potions of resistance
 g - 5 potions of heal wounds
 i - 4 potions of mutation {unknown}
 k - 4 potions of brilliance {unknown}
 m - 3 potions of haste {unknown}
 o - 4 potions of degeneration {unknown}
 r - 3 potions of cancellation {unknown}
 s - 5 potions of curing {unknown}
 x - a potion of invisibility {unknown}
 F - 3 potions of magic {unknown}
 L - 2 potions of might {unknown}
Miscellaneous
 q - a piece from Xom's chessboard (15/15)
 D - a lightning rod (4/4)
 N - a box of beasts


   Skills:
 + Level 8.2 Fighting
 * Level 9.0 Polearms
 + Level 6.6 Dodging
 - Level 1.7 Stealth
 - Level 10.0 Spellcasting
 - Level 12.0 Conjurations
 - Level 2.0 Hexes
 - Level 2.0 Translocations
 - Level 2.0 Transmutations
 - Level 2.0 Fire Magic
 + Level 13.0 Air Magic
 - Level 2.0 Poison Magic
 + Level 10.1 Evocations


You had 10 spell levels left.
You knew the following spells:

 Your Spells              Type           Power      Damage    Failure   Level
a - Magic Dart            Conj           100%       1d8       1%          1
b - Searing Ray           Conj           100%       2d8       1%          2
c - Fulminant Prism       Conj/Hex       23%        3d13      2%          4
d - Iskenderun's Mystic   Conj/Tloc      47%        2d10      2%          4
e - Lightning Bolt        Conj/Air       33%        1d50      1%          5
q - Olgreb's Toxic Radia  Pois           22%        N/A       22%         4
w - Ignite Poison         Fire/Tmut/Pois 22%        N/A       6%          3

Your spell library contained the following spells:

 Spells                   Type           Power      Damage    Failure   Level
 Corpse Rot               Necr/Air       90%        N/A       1%          2
 Poisonous Vapours        Pois/Air       100%       N/A       1%          2
 Static Discharge         Conj/Air       66%        N/A       1%          2
 Conjure Flame            Conj/Fire      47%        6-21      1%          3
 Dazzling Flash           Conj/Hex       94%        N/A       1%          3
 Apportation              Tloc           44%        N/A       2%          1
 Sting                    Tmut/Pois      88%        1d7       2%          1
 Sticky Flame             Conj/Fire      47%        2d6       2%          4
 Wereblood                Tmut           22%        N/A       3%          2
 Animate Skeleton         Necr           24%        N/A       4%          1
 Summon Small Mammal      Summ           48%        N/A       4%          1
 Ensorcelled Hibernation  Hex/Ice        34%        N/A       4%          2
 Portal Projectile        Hex/Tloc       44%        N/A       6%          3
 Spider Form              Tmut/Pois      22%        N/A       6%          3
 Tukima's Dance           Hex            22%        N/A       6%          3
 Sublimation of Blood     Necr           12%        N/A       8%          2
 Call Canine Familiar     Summ           12%        N/A       14%         3
 Passage of Golubria      Tloc           22%        N/A       22%         4
 Anguish                  Hex/Necr       8%         N/A       32%         4
 Leda's Liquefaction      Hex/Erth       8%         N/A       32%         4
 Yara's Violent Unravell  Hex/Tmut       11%        3d6       52%         5
 Maxwell's Capacitive Co  Air            33%        ∞         83%         8
 Summon Hydra             Summ           6%         N/A       100%        7


Dungeon Overview and Level Annotations

Branches:
Dungeon (13/15)            Temple (1/1) D:7            Lair (6/6) D:9
 Shoals (0/4) Lair:2        Snake (0/4) Lair:2          Orc (1/2) D:10
 Bailey (visited)
  Slime: Lair:5-6    Vaults: D:13-14

Altars:
Ashenzari
Cheibriados
Dithmenos
Elyvilon
Fedhas
Gozag
Hepliaklqana
Kikubaaqudgha
Makhleb
Nemelex Xobeh
Okawaru
Qazlal
Ru
Sif Muna
Trog
Uskayaw
Vehumet
Wu Jian
Xom
Yredelemnul
Zin
The Shining One

Shops:
D:3 =   D:8 ?   D:11 *   Lair:4 ?


Innate Abilities, Weirdness & Mutations

You can breathe blasts of noxious fumes.
Your lurid green scales are hard. (AC +8)
You cannot fit into any form of body armour.
Your tail ends in a venomous barb.
Your system is resistant to poisons. (rPois)
You are cold-blooded and may be slowed by cold attacks.


Message History

The seven-headed hydra bites you!
The seven-headed hydra bites you but does no damage.
The basilisk bites you.
The seven-headed hydra bites you but does no damage.
The seven-headed hydra bites you. x2; The seven-headed hydra bites you! x2
The seven-headed hydra bites you but does no damage.
The seven-headed hydra bites you. The basilisk bites you.
* * * LOW HITPOINT WARNING * * *
The seven-headed hydra bites you.
* * * LOW HITPOINT WARNING * * *
The seven-headed hydra bites you.
* * * LOW HITPOINT WARNING * * *
The seven-headed hydra bites you!
* * * LOW HITPOINT WARNING * * *
The seven-headed hydra bites you!
* * * LOW HITPOINT WARNING * * *
The seven-headed hydra bites you.
* * * LOW HITPOINT WARNING * * *
The seven-headed hydra barely misses you.
The seven-headed hydra bites you but does no damage.
The basilisk gazes at you.
The seven-headed hydra barely misses you.
The seven-headed hydra bites you!
* * * LOW HITPOINT WARNING * * *
The seven-headed hydra bites you but does no damage.
The seven-headed hydra bites you.
The seven-headed hydra bites you but does no damage.
The seven-headed hydra bites you!
* * * LOW HITPOINT WARNING * * *
The seven-headed hydra bites you.
* * * LOW HITPOINT WARNING * * *
The basilisk bites you!
* * * LOW HITPOINT WARNING * * *
The seven-headed hydra bites you but does no damage.
The seven-headed hydra bites you!
* * * LOW HITPOINT WARNING * * *
The seven-headed hydra bites you but does no damage.
The seven-headed hydra bites you.
You die...
Your body crumbles into a pile of gold.

.................
.................
.................
.................
$
.................
.................
.......l.$.......
.......@D........
.................
.......$.........
........<........
#..#P............
## ##..#.#...P.##
############


You could see a seven-headed hydra and a basilisk.

Vanquished Creatures
  Gastronok (D:11)
  Nessos (D:13)
  4 hydras
  A centaur warrior (D:13)
  An ogre mage (D:13)
  2 two-headed ogres
  Erica (D:11)
  A deep elf knight (D:13)
  A skeletal warrior (D:13)
  2 orc knights
  4 deep elf pyromancers
  3 manticores
  2 cyclopes
  6 elephants
  4 black mambas
  A merfolk siren (Lair:2)
  An unseen horror (D:12)
  8 cane toads
  A rime drake (Lair:3)
  5 komodo dragons
  The ghost of dornbeast the Chopper, an amateur DrWn of Jiyva (D:4)
  3 merfolk (Lair:2)
  Prince Ribbit (D:6)
  Grinder (D:4)
  3 hornets
  7 blink frogs
  6 slime creatures (D:12)
  5 dream sheep (Lair:5)
  A snapping turtle (Bailey)
  A shadow (D:12)
  3 wyverns
  2 vampires
  A water elemental (D:13)
  43 yaks
  6 vampire mosquitoes
  A steam dragon (D:7)
  6 basilisks
  4 nagas (Lair:2)
  An acid dragon (D:12)
  14 water moccasins
  Duvessa (D:4)
  3 sky beasts
  10 orc warriors
  An ice beast (D:7)
  2 black bears
  9 necrophages
  7 ogres
  26 wolves
  4 centaurs
  A phantom (D:6)
  3 kobold brigands
  18 bullfrogs
  Dowan (D:4)
  3 water moccasin skeletons
  9 killer bees
  A wight (D:4)
  4 electric eels
  6 howler monkeys
  2 bullfrog zombies
  6 centaur zombies
  A crimson imp (D:9)
  A human zombie (D:4)
  2 bullfrog skeletons
  2 hounds
  Crazy Yiuf (D:4)
  A gnoll shaman (D:5)
  6 orc priests
  4 jellies
  2 centaur skeletons
  2 iguanas (D:4)
  Natasha (thrice) (D:4)
  5 hell rats (Lair:3)
  16 orc wizards
  A hound zombie (D:5)
  A hound skeleton (D:4)
  3 howler monkey zombies
  12 gnolls
  A howler monkey skeleton (D:4)
  6 adders
  A shadow imp (D:7)
  2 white imps
  2 adder zombies (D:4)
  7 worms
  A dart slug (D:3)
  50 orcs
  6 ball pythons
  5 endoplasms
  4 giant cockroaches
  11 goblins
  7 hobgoblins
  6 jackals (D:4)
  33 kobolds
  3 quokkas
  6 bats
  2 frilled lizards
  4 rats
497 creatures vanquished.

Vanquished Creatures (collateral kills)
  A hydra (Lair:1)
  A two-headed ogre (D:10)
  A centaur zombie (D:10)
  A gargoyle (D:10)
  2 orc warriors (D:10)
  An orc (D:10)
7 creatures vanquished.

Vanquished Creatures (others)
  A two-headed ogre (D:10)
  An orc wizard (D:7)
  A quokka (D:4)
  6 fulminant prisms
  55 fungi
  60 plants
124 creatures vanquished.

Grand Total: 628 creatures vanquished

Notes
Turn   | Place    | Note
-------+----------+-------------------------------------------
     0 | D:1      | Zeld the Draconian Conjurer began the quest for the Orb.
     0 | D:1      | Reached XP level 1. HP: 14/14 MP: 3/3
    26 | D:1      | Found a faded altar of an unknown god.
   525 | D:1      | Reached XP level 2. HP: 17/20 MP: 3/5
   528 | D:1      | Learned a level 2 spell: Searing Ray
   709 | D:1      | Reached skill level 1 in Translocations
   993 | D:2      | Reached skill level 1 in Hexes
  1004 | D:2      | You fall into a shaft and drop 1 floor!
  1250 | D:2      | Reached XP level 3. HP: 26/26 MP: 1/6
  2461 | D:3      | Reached XP level 4. HP: 33/33 MP: 1/7
  2593 | D:3      | Reached XP level 5. HP: 35/38 MP: 4/9
  2751 | D:3      | Learned a level 4 spell: Fulminant Prism
  2926 | D:3      | Found Ingiegu's Jewellery Shop.
  3380 | D:4      | Noticed Duvessa
  3380 | D:4      | Noticed Dowan
  3514 | D:4      | Reached skill level 5 in Conjurations
  3822 | D:4      | Killed Duvessa
  3823 | D:4      | Reached XP level 6. HP: 37/45 MP: 1/11
  3842 | D:4      | Killed Dowan
  3997 | D:4      | Noticed Natasha
  4005 | D:4      | Killed Natasha
  4017 | D:4      | Learned a level 4 spell: Iskenderun's Mystic Blast
  4269 | D:4      | Found a runed translucent gate.
  4269 | D:4      | Found a runed translucent gate.
  4269 | D:4      | Found a runed translucent gate.
  4659 | D:4      | Reached skill level 1 in Evocations
  4659 | D:4      | Your scales start taking on a lurid green colour.
  4659 | D:4      | Reached XP level 7. HP: 27/50 MP: 1/13
  4659 | D:4      | Gained mutation: Your system is resistant to poisons.
                  | (rPois) [Green Draconian growth]
  4836 | D:4      | Noticed Grinder
  4840 | D:4      | Paralysed by Grinder for 7 turns
  4854 | D:4      | Killed Grinder
  4855 | D:4      | Reached skill level 5 in Spellcasting
  5080 | D:4      | Found a white marble altar of Elyvilon.
  5080 | D:4      | Noticed Natasha
  5088 | D:4      | Killed Natasha
  5250 | D:4      | Noticed Natasha
  5256 | D:4      | Killed Natasha
  5301 | D:4      | Found a runed translucent door.
  5302 | D:4      | Noticed Crazy Yiuf
  5331 | D:4      | Noticed dornbeast's ghost (amateur DrWn)
  5627 | D:4      | Reached XP level 8. HP: 50/57 MP: 8/16
  5678 | D:4      | Found an ancient bone altar of Kikubaaqudgha.
  6649 | D:4      | Killed Crazy Yiuf
  6733 | D:5      | Entered Level 5 of the Dungeon
  7439 | D:5      | Learned a level 5 spell: Lightning Bolt
  8132 | D:5      | Reached skill level 1 in Air Magic
  8132 | D:5      | Reached XP level 9. HP: 62/62 MP: 0/19
  8880 | D:6      | Reached skill level 2 in Air Magic
  9548 | D:6      | Reached skill level 3 in Air Magic
  9693 | D:6      | Noticed Prince Ribbit
  9997 | D:6      | Killed Prince Ribbit
 10788 | D:7      | Found a staircase to the Ecumenical Temple.
 10798 | Temple   | Entered the Ecumenical Temple
 10828 | Temple   | Became a worshipper of Gozag Ym Sagoz the Greedy
 10855 | D:7      | Reached skill level 4 in Air Magic
 10863 | D:7      | Found a flagged portal.
 10877 | Bailey   | Entered a bailey
 10954 | Bailey   | Noticed an orc knight
 11219 | Bailey   | Noticed an orc knight
 11225 | Bailey   | an orc knight changed into a snapping turtle
 11231 | Bailey   | Reached skill level 5 in Evocations
 11842 | Bailey   | Killed an orc knight
 11843 | Bailey   | Reached XP level 10. HP: 25/69 MP: 2/22
 12198 | Bailey   | Reached skill level 5 in Air Magic
 12744 | D:7      | Found a broken altar of Ashenzari.
 13224 | D:7      | Reached skill level 10 in Conjurations
 14112 | D:8      | Bought a scroll of identify for 28 gold pieces
 14112 | D:8      | Bought a scroll of identify for 28 gold pieces
 14112 | D:8      | Bought a scroll of blinking for 105 gold pieces
 14112 | D:8      | Bought a scroll of identify for 28 gold pieces
 14112 | D:8      | Bought a scroll of identify for 28 gold pieces
 14721 | D:8      | Found a snail-covered altar of Cheibriados.
 14839 | D:8      | Found a shimmering blue altar of Sif Muna.
 14854 | D:8      | Got Sif Muna's Incunabulum of the Traveller
 14994 | D:8      | Paralysed by a hornet for 1 turns
 15008 | D:8      | Reached skill level 6 in Air Magic
 15635 | D:9      | Found a stormy altar of Qazlal.
 15733 | D:9      | Found a glowing golden altar of the Shining One.
 16377 | D:9      | Found a staircase to the Lair.
 17028 | D:9      | Reached skill level 7 in Air Magic
 17103 | D:9      | Reached XP level 11. HP: 74/74 MP: 2/24
 17593 | D:10     | Entered Level 10 of the Dungeon
 17945 | D:10     | Noticed a two-headed ogre
 18302 | D:10     | Noticed a two-headed ogre
 18369 | D:8      | Bought a scroll of summoning for 133 gold pieces
 18369 | D:8      | Bought a scroll of summoning for 133 gold pieces
 18369 | D:8      | Bought a scroll of enchant weapon for 105 gold pieces
 18599 | D:10     | Reached skill level 10 in Spellcasting
 18798 | D:10     | Killed a two-headed ogre
 18799 | D:10     | Reached skill level 8 in Air Magic
 18997 | D:10     | Killed a two-headed ogre
 19098 | D:10     | Found a staircase to the Orcish Mines.
 19404 | Orc:1    | Entered Level 1 of the Orcish Mines
 20022 | Orc:1    | Noticed an orc knight
 20181 | Orc:1    | Killed an orc knight
 20182 | Orc:1    | Reached skill level 9 in Air Magic
 20404 | D:11     | Noticed Gastronok
 20755 | D:11     | Killed Gastronok
 20992 | D:11     | Noticed Erica
 21002 | D:11     | Killed Erica
 21377 | D:11     | Noticed a seven-headed hydra
 21383 | D:11     | Killed a seven-headed hydra
 21384 | D:11     | Reached skill level 10 in Air Magic
 21614 | D:11     | Found Jathrex's Assorted Antiques.
 21754 | D:11     | Bought a scroll of teleportation for 117 gold pieces
 21754 | D:11     | Bought a scroll labelled TEPRED BEAPLATO for 39 gold pieces
 21754 | D:11     | Bought a twisted copper wand for 156 gold pieces
 21754 | D:11     | Bought a fuming emerald potion for 35 gold pieces
 21754 | D:11     | Bought a faintly glowing trident for 331 gold pieces
 21754 | D:11     | Identified the +5 trident of Ashenzari's Regard {vorpal,
                  | Int+2} (You bought it in a shop on level 11 of the Dungeon)
 21827 | D:11     | Reached XP level 12. HP: 88/91 MP: 6/26
 22685 | D:12     | Reached skill level 1 in Polearms
 23695 | D:12     | Noticed a two-headed ogre
 23703 | D:12     | Killed a two-headed ogre
 23755 | D:12     | Reached skill level 5 in Fighting
 25423 | D:4      | Killed dornbeast's ghost
 25730 | D:11     | Bought a wand of iceblast (4) for 156 gold pieces
 25828 | Lair:1   | Entered Level 1 of the Lair of Beasts
 25832 | Lair:1   | Reached skill level 11 in Air Magic
 26222 | Lair:1   | Noticed an eight-headed hydra
 26390 | Lair:1   | Killed an eight-headed hydra
 26475 | Lair:1   | Reached skill level 5 in Polearms
 26654 | Lair:1   | Noticed a seven-headed hydra
 27732 | D:13     | Noticed a four-headed hydra
 27735 | D:13     | Noticed a two-headed ogre
 27736 | D:13     | Killed a four-headed hydra
 27771 | D:13     | Killed a two-headed ogre
 27954 | D:13     | Noticed Nessos
 28344 | D:13     | Killed Nessos
 28643 | D:13     | Noticed a centaur warrior
 28647 | D:13     | Killed a centaur warrior
 28991 | D:13     | Reached skill level 5 in Dodging
 28991 | D:13     | Reached XP level 13. HP: 103/103 MP: 16/27
 29730 | D:13     | Reached skill level 12 in Air Magic
 33072 | Lair:2   | Found a staircase to the Shoals.
 34243 | Lair:2   | Found a staircase to the Snake Pit.
 34843 | Lair:2   | Learned a level 3 spell: Ignite Poison
 34848 | Lair:2   | Learned a level 4 spell: Olgreb's Toxic Radiance
 35049 | Lair:2   | Identified the +1 rapier "Heavismubui" {freeze, Will+}
 35868 | Lair:3   | Reached skill level 1 in Poison Magic
 36006 | Lair:3   | Reached skill level 1 in Fire Magic
 36089 | Lair:3   | Reached skill level 1 in Transmutations
 37825 | Lair:4   | Bought a scroll of summoning for 133 gold pieces
 37825 | Lair:4   | Bought a scroll of brand weapon for 280 gold pieces
 37825 | Lair:4   | Bought a scroll of identify for 28 gold pieces
 37825 | Lair:4   | Bought 2 scrolls of magic mapping for 98 gold pieces
 37825 | Lair:4   | Bought a scroll of fear for 49 gold pieces
 37825 | Lair:4   | Bought a scroll of holy word for 105 gold pieces
 38878 | Lair:4   | Reached skill level 10 in Evocations
 39384 | Lair:5   | Gained mutation: Your tail ends in a venomous barb. [Green
                  | Draconian growth]
 39384 | Lair:5   | Reached XP level 14. HP: 114/114 MP: 22/28
 39923 | Lair:5   | Reached skill level 13 in Air Magic
 40824 | Lair:6   | Entered Level 6 of the Lair of Beasts
 40843 | Lair:6   | HP: 4/115 [basilisk (4)]
 40844 | Lair:6   | HP: 1/115 [seven-headed hydra (4)]
 40844 | Lair:6   | Slain by a seven-headed hydra

Illustrated notes

Levels and vault maps discovered:
D:1:      lightli_arrival_boilingwater, layout_basic,
          hellmonk_ecumenical_altar_crossroads
D:2:      layout_loops_cross
D:3:      layout_loops_cross, serial_shops, shop
D:4:      minmay_skewed_foursquare, layout_loops_ring, elyvilon_altar_4,
          lemuel_mausoleum_altar_kikubaaqudgha, gammafunk_ghost_necromancy,
          uniq_grinder, uniq_crazy_yiuf_cottage, uniq_natasha, uniq_duvessa
D:5:      layout_gridville
D:6:      cheibrodos_helix_gallery, layout_basic, amethyst_killhole,
          uniq_prince_ribbit1
D:7:      layout_gridville, amcnicky_altar_gilded,
          minmay_temple_entry_crystal_x, enter_bailey_6,
          chequers_serial_rivers_small_3, lemuel_flamethrower_2
D:8:      layout_basic, cheibriados_altar_1, led_sif_book,
          minmay_misc_feat_roman, serial_park_tiny_2
D:9:      layout_small_grid, nicolae_qazlal_scattered_showers,
          old_standard_altar, grunt_lair_entry_orc_guard_hut,
          minmay_fire_ice_demons
D:10:     layout_loops_cross, david_orc_3
D:11:     layout_irregular_city, serial_shops, shop, uniq_gastronok, uniq_erica
D:12:     layout_irregular_city, serial_glass, glass_columns_c, glass_columns_b
D:13:     layout_basic, hangedman_vaults_entry_quadrant_bands,
          minmay_misc_feat_rugged, minmay_statues_item, serial_bayou_ford_a,
          uniq_nessos
Temple:   eino_wide_crystal_templ
Lair:1:   layout_loops_ring
Lair:2:   layout_regular_city, elwin_shoals_entry_stream,
          guppyfry_snake_entry_garden, serial_bayou_shore_a,
          serial_bayou_shore_b, infiniplex_staircase_pool
Lair:3:   layout_cave_pods, nicolae_quartered_pool_medium, guppyfry_lair_drakes,
          infiniplex_staircase_pool_2
Lair:4:   layout_long_grid, serial_bayou_shore_b, grunt_megastairs_1
Lair:5:   layout_hall_layers, grunt_megastairs_4
Lair:6:   cheibrodos_lair_end_hotspot, layout_layer_cave, slime_altar_1,
          minmay_hedge_maze, serial_bayou_lagoon_a
Orc:1:    layout_caves, enter_volcano_2, uniq_josephine, uniq_nergalle

Skill      XL: |  1  2  3  4  5  6  7  8  9 10 11 12 13 14 |
---------------+-------------------------------------------+-----
Translocations | 1 2 |  2.0
Hexes          | 1 2 |  2.0
Spellcasting   | 3 4 5 7 8 9 10 | 10.0
Conjurations   | 5 6 7 8 9 11 12 | 12.0
Evocations     | 1 2 3 5 6 7 9 10 | 10.1
Air Magic      | 1 4 7 10 11 12 13 | 13.0
Fighting       | 4 6 7 8 |  8.2
Dodging        | 3 5 6 |  6.6
Polearms       | 6 8 9 |  9.0
Poison Magic   | 2 |  2.0
Fire Magic     | 2 |  2.0
Transmutations | 2 |  2.0
Stealth        | |  1.7

Action                   |  1- 3 |  4- 6 |  7- 9 | 10-12 | 13-15 || total
-------------------------+-------+-------+-------+-------+-------++-------
Melee: Unarmed           |    43 |    28 |    73 |   146 |       ||   290
       Tailslap          |     1 |     4 |    10 |    23 |    17 ||    55
       Punch             |     1 |     1 |       |     6 |     2 ||    10
       Trident           |       |       |       |    34 |   124 ||   158
 Cast: Magic Dart        |    49 |     2 |    25 |    25 |     7 ||   108
       Searing Ray       |     6 |    34 |    39 |    22 |     9 ||   110
       Iskenderun's Myst |       |       |    91 |   130 |    96 ||   317
       Lightning Bolt    |       |       |     8 |   170 |   124 ||   302
       Fulminant Prism   |       |       |     1 |     1 |     4 ||     6
Invok: Call Merchant     |       |       |       |     1 |     1 ||     2
 Abil: Breathe Noxious F |       |       |     8 |    11 |     3 ||    22
Evoke: Wand              |       |       |    11 |     3 |     6 ||    20
       Piece from Xom's  |       |       |       |     2 |       ||     2
  Use: Scroll            |       |       |       |    23 |     8 ||    31
       Potion            |       |       |       |     2 |       ||     2
 Stab: Sleeping          |     2 |       |     1 |       |     1 ||     4
       Confused          |       |       |       |     1 |     2 ||     3
       Distracted        |       |       |       |       |     1 ||     1
Armor: Skin              |    18 |    44 |   106 |   214 |   158 ||   540
Dodge: Dodged            |    52 |    64 |   156 |   289 |   191 ||   752
Block: Other             |       |       |       |       |    55 ||    55
       Reflection        |       |       |       |       |     2 ||     2
